 Dungeon Crawl Stone Soup version 0.20-a0-893-g832831a (webtiles) character file.

203 qpzil the Cudgeler (level 5, -7/67 HPs)
             Began as a Minotaur Berserker on Mar 17, 2017.
             Was a Believer of Trog.
             Mangled by an orc priest
             ... wielding a +0 hand axe
              (8 damage)
             ... on level 3 of the Dungeon.
             The game lasted 00:03:54 (1102 turns).

qpzil the Cudgeler (Minotaur Berserker)             Turns: 1102, Time: 00:03:54

Health: -7/67      AC:  5    Str: 27    XL:     5   Next: 51%
Magic:  4/4        EV: 11    Int:  4    God:    Trog [**....]
Gold:   133        SH:  0    Dex: 10    Spells: 4/4 levels left

rFire    . . .     SeeInvis .   m - +0 flail
rCold    . . .     Gourm    .   e - +0 ring mail
rNeg     . . .     Faith    .   (no shield)
rPois    .         Spirit   .   (helmet restricted)
rElec    .         Reflect  .   (no cloak)
rCorr    .         Harm     .   (no gloves)
MR       .....                  (no boots)
Stlth    ..........             (no amulet)
Regen    0.3/turn               (no ring)
MPRegen  0.1/turn               (no ring)

@: berserking, very quick
A: retaliatory headbutt, horns 2
a: Berserk, Trog's Hand, Burn Spellbooks, Renounce Religion


You were on level 3 of the Dungeon.
You worshipped Trog.
Trog was pleased with you.
You were very hungry.

You visited 1 branch of the dungeon, and saw 3 of its levels.

You collected 133 gold pieces.

Inventory:

Hand Weapons
 a - a +0 mace
 m - a +0 flail (weapon)
Armour
 e - a +0 ring mail (worn)
Jewellery
 h - an uncursed amulet of magic regeneration {unknown}
Scrolls
 b - a scroll of immolation {unknown}
 d - 3 scrolls of identify {unknown}
 g - a scroll of noise {unknown}
 j - a scroll of teleportation {unknown}
 l - a scroll of fear {unknown}
 p - a scroll of remove curse {unknown}
 q - a scroll of amnesia {unknown}
Potions
 f - a potion of lignification {unknown}
 i - a potion of might {unknown}
 o - a potion of cancellation {unknown}
Comestibles
 c - a bread ration
 k - 2 royal jellies
 n - a chunk of flesh


   Skills:
 - Level 3.6 Fighting
 + Level 7.6 Maces & Flails
 - Level 2.4 Armour
 - Level 2.1 Dodging


You had 4 spell levels left.
You didn't know any spells.

Dungeon Overview and Level Annotations

Branches:
Dungeon (3/15)

Altars:
Elyvilon


Innate Abilities, Weirdness & Mutations

You reflexively headbutt those who attack you in melee.
You have a pair of horns on your head.


Message History

You kill the orc priest!
Trog accepts your kill.
You closely miss the giant cockroach. You headbutt the giant cockroach.
The giant cockroach is almost dead.
The giant cockroach barely misses you. The orc hits you but does no damage.
You closely miss the giant cockroach.
The giant cockroach is almost dead.
The giant cockroach closely misses you. You furiously retaliate!
You headbutt the giant cockroach!
You kill the giant cockroach!
Trog accepts your kill. The orc closely misses you.
The orc priest calls down the wrath of Beogh upon you.
Pain shoots through your body!
* * * LOW HITPOINT WARNING * * *
You hit the orc priest.
The orc priest is moderately wounded.
The orc hits you but does no damage.
The orc priest hits you with a hand axe!
You die...

.... .. ##.# ... #.. .#
#..# #.# ># ..# . #<..#
#.# ## .. ..#.##....
####.## # . #.. .......#
#...... #####..
..##.#....#.. #......
......#####.##.......
#......
..........#.##.o)o#
#.#####
.......).....#..@.# ...
.................(# #...
..............##...#
#...
..............###.....
#.#
.........>...(.........
....†........###........
.############# ####...
.# ... .#


You could see an orc priest and an orc.

Vanquished Creatures
  2 orc priests (D:3)
  Jessica (D:2)
  An orc wizard (D:3)
  2 adders (D:2)
  An ooze (D:2)
  A worm (D:2)
  2 dart slugs
  2 leopard geckos
  3 orcs (D:3)
  A ball python (D:1)
  5 bats
  5 giant cockroaches
  4 goblins
  7 hobgoblins
  5 jackals
  3 kobolds
  2 quokkas (D:2)
  4 frilled lizards
  4 rats
55 creatures vanquished.

Notes
Turn   | Place    | Note
-------+----------+-------------------------------------------
     0 | D:1      | qpzil the Minotaur Berserker began the quest for the Orb.
     0 | D:1      | Reached XP level 1. HP: 19/19 MP: 0/0
    51 | D:1      | Reached skill level 4 in Maces & Flails
   405 | D:2      | Reached XP level 2. HP: 23/26 MP: 1/1
   418 | D:2      | Found a white marble altar of Elyvilon.
   424 | D:2      | Noticed Jessica
   445 | D:2      | Reached skill level 5 in Maces & Flails
   445 | D:2      | Reached XP level 3. HP: 25/31 MP: 2/2
   451 | D:2      | Killed Jessica
   575 | D:2      | Reached XP level 4. HP: 32/39 MP: 3/3
   690 | D:2      | Reached skill level 6 in Maces & Flails
   845 | D:2      | Reached ** piety under Trog
   940 | D:3      | Reached skill level 7 in Maces & Flails
   940 | D:3      | Reached XP level 5. HP: 45/45 MP: 4/4
  1101 | D:3      | HP: 1/67 [orc priest/nerve-wracking pain (4)]
  1102 | D:3      | Mangled by an orc priest

Vault maps used:
D:1:      lightli_molten_gateway, minmay_misc_feat_more_columns
D:2:      elyvilon_altar_5, uniq_jessica
D:3:      lemuel_coloured_pillars_altar

Skill      XL: |  1  2  3  4 |
---------------+-------------+-----
Maces & Flails | 4 5 7 |  7.6
Fighting       | |  3.6
Armour         | |  2.4
Dodging        | |  2.1

Action                   |  1- 3 |  4- 6 || total
-------------------------+-------+-------++-------
Melee: Mace              |    35 |    33 ||    68
       Headbutt          |     6 |    12 ||    18
       Flail             |       |    38 ||    38
Invok: Berserk           |     1 |     2 ||     3
  Eat: Chunk             |       |     2 ||     2
Armor: Ring mail         |    22 |    26 ||    48
Dodge: Dodged            |    36 |    56 ||    92
